 Dungeon Crawl Stone Soup version 0.23-a0-681-g26ad783 (webtiles) character file.

11330 tilp the Frost Mage (level 11, -5/83 HPs)
             Began as a Merfolk Ice Elementalist on Jan 10, 2019.
             Was an Elder of Makhleb.
             Slain by an orc warrior
             ... wielding a +0 dire flail
              (15 damage)
             ... on level 9 of the Dungeon.
             The game lasted 00:47:21 (16330 turns).

tilp the Frost Mage (Merfolk Ice Elementalist)     Turns: 16330, Time: 00:47:22

Health: -5/83      AC: 15    Str: 10    XL:     11   Next: 76%
Magic:  10/20      EV: 14    Int: 17    God:    Makhleb [****..]
Gold:   185        SH:  0    Dex: 14    Spells: 8/22 levels left

rFire    . . .     SeeInvis .   a - +4 short sword (venom)
rCold    . . .     Gourm    .   (no shield)
rNeg     . . .     Faith    .   v - +0 leather armour
rPois    +         Spirit   .   (no helmet)
rElec    .         Reflect  .   G - +1 cloak {+Inv}
rCorr    .         Harm     .   p - +2 pair of gloves
MR       .....                  (no boots)
Stlth    +.........             (no amulet)
HPRegen  0.23/turn              d - ring of wizardry
MPRegen  0.17/turn              g - ring of poison resistance

@: icy armour, very slightly contaminated, drained
A: change form in water, swift swim, stealthy swim
a: Minor Destruction, Lesser Servant of Makhleb, Major Destruction, Renounce
Religion, Evoke Invisibility


You were on level 9 of the Dungeon.
You worshipped Makhleb.
Makhleb was greatly pleased with you.
You were not hungry.

You visited 1 branch of the dungeon, and saw 10 of its levels.

You collected 455 gold pieces.
You spent 270 gold pieces at shops.

Inventory:

Hand Weapons
 a - a +4 short sword of venom (weapon)
 b - a +0 trident
 y - a +0 spear
 C - a +0 glaive
Missiles
 o - 14 tomahawks (quivered)
 H - 3 tomahawks of returning
 I - 2 throwing nets
Armour
 p - a +2 pair of gloves (worn)
 v - a +0 leather armour (worn)
 G - a +1 cloak of invisibility (worn)
Jewellery
 d - a ring of wizardry (left hand)
 g - a ring of poison resistance (right hand)
 l - an uncursed ring of stealth
 s - an uncursed ring of ice
 E - an uncursed ring of flight
 L - the ring "Dyegh" {*Slow rPois Int+2 Stlth-}
   (You found it on level 9 of the Dungeon)

   [ring of attention]

   It affects your intelligence (+2).
   It protects you from poison.
   It may slow you when you take damage.
   It makes you less stealthy.
Wands
 h - a wand of acid (3)
 j - a wand of flame (9)
 M - a wand of disintegration (8)
Scrolls
 i - a scroll of blinking {unknown}
 m - a scroll of enchant weapon {unknown}
 n - a scroll of immolation
 t - 2 scrolls of magic mapping
 u - 7 scrolls of teleportation
 w - a scroll of amnesia {unknown}
 x - 7 scrolls of remove curse
 z - a scroll of acquirement {unknown}
 F - 8 scrolls of identify
 J - a scroll of fog {unknown}
Potions
 e - a potion of agility
 f - a potion of lignification
 k - 3 potions of brilliance
 q - a potion of berserk rage
 B - 3 potions of might
 D - a potion of invisibility
 K - 2 potions of haste
Comestibles
 c - 22 rations
 N - a chunk of flesh


   Skills:
 - Level 6.4(5.2) Fighting
 - Level 6.0(4.8) Dodging
 - Level 2.1(1.1) Stealth
 - Level 6.0(4.8) Spellcasting
 + Level 3.8(2.7) Conjurations
 - Level 6.0(4.8) Charms
 - Level 4.0(2.9) Summonings
 - Level 12.4(11.0) Ice Magic
 - Level 6.4(5.2) Invocations
 + Level 3.3(2.3) Evocations


You had 8 spell levels left.
You knew the following spells:

 Your Spells              Type           Power        Failure   Level  Hunger
a - Freeze                Ice            ####         1%          1    None
b - Throw Frost           Conj/Ice       ####..       1%          2    #......
c - Ozocubu's Armour      Chrm/Ice       ####....     1%          3    ###....
d - Throw Icicle          Conj/Ice       ####....     4%          4    ####...
e - Summon Ice Beast      Ice/Summ       ####....     4%          4    ####...

Your spell library contained the following spells:

 Spells                   Type           Power        Failure   Level  Hunger
 Sandblast                Erth           #.....       9%          1    None
 Passwall                 Tmut/Erth      #.......     12%         2    #......
 Stone Arrow              Conj/Erth      #.....       14%         3    ###....
 Petrify                  Tmut/Erth      #.......     58%         4    ####...
 Lee's Rapid Deconstruct  Erth           #.........   89%         5    ######.


Dungeon Overview and Level Annotations

Branches:
Dungeon (10/15)            Temple (0/1) D:4
   Lair: D:8-11         Orc: D:9-12

Altars:
Ashenzari
Cheibriados
Elyvilon
Fedhas
Hepliaklqana
Makhleb
Nemelex Xobeh
Okawaru
Trog
Vehumet
Wu Jian
Xom
Zin
The Shining One

Shops:
D:4 %?   D:5 !

Annotations:
D:5 Grinder


Message History

The orc barely misses you.
You barely miss the orc warrior.
The orc warrior hits you with a +0 dire flail!!
* * * LOW HITPOINT WARNING * * *
The orc misses you.
You feel much better.
The orc warrior hits you with a +0 dire flail!
* * * LOW HITPOINT WARNING * * *
The orc hits you but does no damage.
Casting: Ozocubu's Armour (safe; 1% risk of failure)
Confirm with . or Enter, or press ? or * to list all spells.
You miscast Summon Ice Beast.
You are very lightly contaminated with residual magic.
You hear a crackling sound.
The orc warrior hits you with a +0 dire flail!
* * * LOW HITPOINT WARNING * * *
The orc hits you but does no damage.
You feel better.
The orc warrior hits you with a +0 dire flail!
You die...

###)..## #.....##.....#####.≈≈
######### #._....##...##.()..##
........# ##......#####(.######
##......# #.........(...#
#......# #.......#######
#......# #...###.# #......#
##..# #.# #...!..# #oo###.#
#......########@....#
#........#..........############
#........'..........'...........
##.......#.[........#########.##
#.....###..........# #.# #.....#
#..........# #.# #######
#..........# #.## #..........#
#..# #..........# ##.#


You could see an orc warrior and an orc.

Vanquished Creatures
  Harold (D:8)
  4 two-headed ogres
  Pikel (D:6)
  Psyche (D:8)
  A centaur skeleton (D:10)
  A komodo dragon (D:9)
  A hornet (D:10)
  A troll (D:9)
  2 hippogriffs
  Sigmund (D:5)
  A wyvern (D:9)
  A human (D:7)
  4 yaks
  3 hogs (D:7)
  Menkaure (D:6)
  Duvessa (D:6)
  4 orc warriors
  2 sky beasts
  2 ice beasts
  2 slaves
  3 black bears
  6 ogres
  2 phantoms
  2 wolves (D:9)
  A centaur (D:6)
  A big kobold (D:8)
  2 bullfrogs
  3 scorpions
  Dowan (D:6)
  9 killer bees
  2 electric eels (D:9)
  3 howler monkeys
  2 crimson imps
  A quasit (D:7)
  9 hounds
  5 orc priests
  3 orc wizards
  Crazy Yiuf (D:2)
  2 bullfrog skeletons
  4 iguanas
  9 worker ants
  A hound skeleton (D:5)
  A killer bee simulacrum (D:9)
  A worker ant zombie (D:10)
  8 adders
  5 gnolls
  A hound simulacrum (D:9)
  A shadow imp (D:9)
  2 white imps (D:9)
  4 ufetubi (D:9)
  2 oozes
  An adder skeleton (D:9)
  3 worms
  A dart slug (D:3)
  5 leopard geckos
  37 orcs
  3 giant cockroaches
  4 goblins
  8 hobgoblins
  7 jackals
  7 kobolds
  2 quokkas
  2 ball pythons
  3 bats
  6 frilled lizards
  2 leopard gecko skeletons
  4 rats
227 creatures vanquished.

Vanquished Creatures (collateral kills)
  A polar bear (D:9)
  2 centaurs (D:9)
  A big kobold (D:9)
  4 killer bees (D:9)
  A shadow imp (D:9)
  2 kobolds (D:9)
  A quokka skeleton (D:9)
12 creatures vanquished.

Vanquished Creatures (others)
  An orc wizard (D:8)
1 creature vanquished.

Grand Total: 240 creatures vanquished

Notes
Turn   | Place    | Note
-------+----------+-------------------------------------------
     0 | D:1      | tilp the Merfolk Ice Elementalist began the quest for the
                  | Orb.
     0 | D:1      | Reached XP level 1. HP: 13/13 MP: 3/3
   206 | D:1      | Reached XP level 2. HP: 9/19 MP: 0/5
   210 | D:1      | Learned a level 2 spell: Throw Frost
   626 | D:1      | Reached skill level 4 in Ice Magic
  1726 | D:2      | Reached XP level 3. HP: 24/24 MP: 6/6
  1731 | D:2      | Learned a level 3 spell: Ozocubu's Armour
  1796 | D:2      | Found a hide-covered altar of Uskayaw.
  1798 | D:2      | Found a shimmering altar of Xom.
  1798 | D:2      | Found a bloodstained altar of Trog.
  1800 | D:2      | Found a blossoming altar of Fedhas.
  1800 | D:2      | Found a shimmering altar of Xom.
  1800 | D:2      | Found an ornate altar of the Wu Jian Council.
  2173 | D:2      | Reached skill level 5 in Ice Magic
  2390 | D:2      | Found a runed door.
  2528 | D:2      | Reached XP level 4. HP: 23/30 MP: 4/7
  2866 | D:3      | Found a burning altar of Makhleb.
  2872 | D:3      | Found a glowing silver altar of Zin.
  2872 | D:3      | Noticed an angel
  2873 | D:3      | Noticed a cacodemon
  2875 | D:3      | Became a worshipper of Makhleb the Destroyer
  2949 | D:2      | Reached skill level 6 in Ice Magic
  2949 | D:2      | Reached XP level 5. HP: 26/35 MP: 0/8
  3131 | D:3      | Found a glowing golden altar of the Shining One.
  3177 | D:3      | Found a bloodstained altar of Trog.
  3315 | D:3      | Reached skill level 1 in Fighting
  3352 | D:3      | Found a radiant altar of Vehumet.
  3355 | D:3      | Found a snail-covered altar of Cheibriados.
  3358 | D:3      | Found an iron altar of Okawaru.
  3697 | D:4      | Found Wufrur's Food Emporium.
  3761 | D:4      | Reached XP level 6. HP: 44/44 MP: 9/9
  3844 | D:4      | Found Edeistido's Magic Scroll Emporium.
  4019 | D:4      | HP: 1/44 [gnoll/+0 spear (4)]
  4575 | D:4      | Reached XP level 7. HP: 33/50 MP: 6/13
  4739 | D:4      | Bought a scroll of teleportation for 39 gold pieces
  4739 | D:4      | Bought a scroll of enchant armour for 97 gold pieces
  4751 | D:4      | Found a staircase to the Ecumenical Temple.
  4917 | D:4      | Reached * piety under Makhleb
  5115 | D:5      | Entered Level 5 of the Dungeon
  5176 | D:5      | Noticed Grinder
  5188 | D:5      | Reached skill level 7 in Ice Magic
  5642 | D:5      | Found Mabityil's Distillery.
  5647 | D:5      | Bought a potion of degeneration for 12 gold pieces
  5705 | D:5      | Noticed Sigmund
  5870 | D:5      | Reached skill level 8 in Ice Magic
  6446 | D:6      | Reached skill level 1 in Invocations
  6468 | D:6      | Reached XP level 8. HP: 43/56 MP: 3/14
  6722 | D:6      | Reached skill level 5 in Spellcasting
  6733 | D:6      | Found a hazy altar of Hepliaklqana.
  6813 | D:6      | Noticed Menkaure
  6862 | D:6      | Noticed Pikel
  7563 | D:6      | Noticed Dowan
  7563 | D:6      | Noticed Duvessa
  7985 | D:5      | Killed Sigmund
  8355 | D:7      | Reached skill level 5 in Invocations
  8666 | D:7      | Reached XP level 9. HP: 58/61 MP: 18/18
  8896 | D:7      | Found a shattered altar of Ashenzari.
  8915 | D:7      | Found an iron altar of Okawaru.
  9454 | D:7      | Reached skill level 1 in Conjurations
  9454 | D:7      | Reached skill level 1 in Charms
  9459 | D:7      | Reached ** piety under Makhleb
  9690 | D:7      | Learned a level 4 spell: Throw Icicle
  9695 | D:7      | Learned a level 4 spell: Summon Ice Beast
  9923 | D:6      | Killed Dowan
 10158 | D:6      | Killed Duvessa
 10349 | D:6      | Killed Menkaure
 10349 | D:6      | Reached skill level 9 in Ice Magic
 10492 | D:6      | Killed Pikel
 10492 | D:6      | Reached skill level 10 in Ice Magic
 10492 | D:6      | Reached XP level 10. HP: 50/67 MP: 6/19
 10614 | D:6      | Found a sparkling altar of Nemelex Xobeh.
 10667 | D:5      | Bought a potion of curing for 36 gold pieces
 10667 | D:5      | Bought a potion of heal wounds for 60 gold pieces
 10744 | D:4      | Bought a scroll of identify for 26 gold pieces
 10851 | D:2      | Noticed Crazy Yiuf
 10853 | D:2      | Killed Crazy Yiuf
 11127 | D:8      | Noticed a two-headed ogre
 11350 | D:8      | Reached skill level 5 in Dodging
 12217 | D:8      | Killed a two-headed ogre
 12369 | D:8      | Noticed Harold
 12533 | D:8      | Noticed Psyche
 12552 | D:8      | Killed Psyche
 12914 | D:8      | Killed Harold
 12914 | D:8      | Reached skill level 11 in Ice Magic
 13795 | D:9      | Reached XP level 11. HP: 83/83 MP: 18/20
 13833 | D:9      | Noticed a two-headed ogre
 13839 | D:9      | Killed a two-headed ogre
 13839 | D:9      | Reached skill level 12 in Ice Magic
 14024 | D:9      | Got a translucent marble ring
 14025 | D:9      | Identified the ring "Dyegh" {*Slow rPois Int+2 Stlth-} (You
                  | found it on level 9 of the Dungeon)
 14137 | D:9      | Reached *** piety under Makhleb
 14148 | D:9      | Noticed a two-headed ogre
 14163 | D:9      | Killed a two-headed ogre
 14163 | D:9      | Reached skill level 1 in Summonings
 14163 | D:9      | Reached skill level 1 in Evocations
 14248 | D:9      | Noticed a two-headed ogre
 14254 | D:9      | Killed a two-headed ogre
 14254 | D:9      | Reached skill level 5 in Charms
 14817 | D:9      | Found a white marble altar of Elyvilon.
 14950 | D:9      | Reached **** piety under Makhleb
 15415 | D:9      | Found an ornate altar of the Wu Jian Council.
 15713 | D:10     | Entered Level 10 of the Dungeon
 16330 | D:9      | Slain by an orc warrior

Vault maps used:
D:1:      dpeg_arrival_three_smaller_balls
D:2:      first_ration, doesnt_xom_only_xom, uniq_crazy_yiuf_cottage
D:3:      grunt_temple_overflow_order_and_chaos_2, lemuel_round_altar,
          nicolae_tso_swordbearing_angel, grunt_temple_overflow_diamond,
          cheibrodos_gnoll_hut
D:4:      minmay_temple_entry_glass, serial_shops, shop, shop,
          minmay_pentomino_pile
D:5:      minmay_spotlight, serial_shops, shop_fountains, uniq_grinder,
          uniq_sigmund
D:6:      old_standard_altar, nemelex_xobeh_ov_fountains_minmay, uniq_pikel,
          uniq_duvessa, uniq_menkaure
D:7:      kennysheep_six_static_rooms, ashenzari_conservatory_becter,
          basic_altar, grunt_livestock
D:8:      uniq_harold, uniq_psyche
D:9:      minmay_opposing_rooms, lemuel_round_altar, overflow_temple_1_default,
          serial_ice, serial_ice_c, serial_ice_n, serial_ice_f, serial_ice_h,
          serial_ice_j, bh_walls_and_bars
D:10:     special_room

Skill      XL: |  1  2  3  4  5  6  7  8  9 10 11 |
---------------+----------------------------------+-----
Ice Magic      | 4 5 6 8 10 11 12 | 12.4
Dodging        | 4 6 |  6.0
Fighting       | 2 6 |  6.4
Spellcasting   | 4 6 |  6.0
Invocations    | 2 5 6 |  6.4
Conjurations   | 2 3 |  3.8
Charms         | 4 6 |  6.0
Summonings     | 4 |  4.0
Evocations     | 3 |  3.3
Stealth        | |  2.1

Action                   |  1- 3 |  4- 6 |  7- 9 | 10-12 || total
-------------------------+-------+-------+-------+-------++-------
Melee: Dagger            |    58 |    85 |   272 |   139 ||   554
       Trident           |       |       |     7 |    64 ||    71
       Short sword       |       |       |       |   257 ||   257
Throw: Tomahawk          |     1 |     1 |     6 |     5 ||    13
 Cast: Freeze            |    22 |    25 |    68 |    70 ||   185
       Ozocubu's Armour  |       |     7 |    21 |    38 ||    66
       Throw Frost       |       |     4 |     9 |    16 ||    29
       Throw Icicle      |       |       |     6 |    24 ||    30
       Summon Ice Beast  |       |       |       |     8 ||     8
Evoke: Wand              |       |       |     5 |     9 ||    14
  Use: Scroll            |     2 |     5 |    10 |     1 ||    18
       Potion            |       |     2 |     6 |     3 ||    11
 Stab: Sleeping          |     3 |     1 |     6 |     3 ||    13
  Eat: Chunk             |     5 |     8 |    16 |    21 ||    50
       Ration            |       |       |     2 |     1 ||     3
Armor: Robe              |    15 |       |       |       ||    15
       Leather armour    |     7 |    25 |   110 |   234 ||   376
Dodge: Dodged            |    38 |    76 |   235 |   483 ||   832

Table legend:
 A = Non-vault XP
 B = Vault XP
 C = Vault XP percentage of total XP
 D = Non-vault monster count
 E = Vault monster count
 F = Vault count percentage of total count
                 A         B        C        D         E       F
            +---------+---------+-------+---------+---------+-------
      Total |    9865 |    6322 |  39.1 |     190 |      48 |  20.2
            +---------+---------+-------+---------+---------+-------
        D:1 |      23 |       0 |   0.0 |      14 |       0 |   0.0
        D:2 |      59 |      83 |  58.5 |      14 |       2 |  12.5
        D:3 |      37 |     178 |  82.8 |      14 |       3 |  17.6
        D:4 |     440 |       7 |   1.6 |      25 |       2 |   7.4
        D:5 |     337 |     265 |  44.0 |       9 |       3 |  25.0
        D:6 |     743 |    1071 |  59.0 |      13 |       4 |  23.5
        D:7 |     433 |    1183 |  73.2 |       9 |      10 |  52.6
        D:8 |    2436 |    1283 |  34.5 |      36 |       2 |   5.3
        D:9 |    3822 |    2252 |  37.1 |      35 |      22 |  38.6
       D:10 |    1535 |       0 |   0.0 |      21 |       0 |   0.0
            +---------+---------+-------+---------+---------+-------
